 Dungeon Crawl Stone Soup version 0.22.1-1-ga44c0e5 (webtiles) character file.

1839 dvd the Grave Robber (level 9, -17/42 HPs)
             Began as a Vine Stalker Necromancer on Oct 29, 2018.
             Was a Priest of Okawaru.
             Demolished by a two-headed ogre
             ... wielding a +0 giant club
              (30 damage)
             ... on level 8 of the Dungeon.
             The game lasted 00:29:58 (8753 turns).

dvd the Grave Robber (Vine Stalker Necromancer)     Turns: 8753, Time: 00:29:59

Health: -17/42     AC:  5    Str: 14    XL:     9   Next: 11%
Magic:  0/20       EV: 13    Int: 17    God:    Okawaru [***...]
Gold:   399        SH:  0    Dex: 15    Spells: 10/22 levels left

rFire    . . .     SeeInvis .   t - +3 quarterstaff (chaos)
rCold    . . .     Gourm    .   (shield currently unavailable)
rNeg     . . .     Faith    .   a - +0 robe
rPois    .         Spirit   +   r - +2 helmet
rElec    .         Reflect  .   h - scarf {cloud immunity}
rCorr    .         Harm     .   (no gloves)
MR       +....                  (no boots)
Stlth    +++.......             e - amulet of regeneration
HPRegen  0.94/turn              k - +2 ring of strength
MPRegen  0.17/turn              (no ring)

@: no status effects
A: fangs 3, regeneration 1, magic shield, antimagic bite, no potion heal 3, rot
immunity
a: Heroism, Renounce Religion


You were on level 8 of the Dungeon.
You worshipped Okawaru.
Okawaru was most pleased with you.
You were not hungry.

You visited 1 branch of the dungeon, and saw 8 of its levels.

You collected 399 gold pieces.

Inventory:

Hand Weapons
 g - a +0 whip of draining
 l - a +0 short sword
 n - a +2 short sword of draining
 o - a +0 falchion
 p - a +0 hand axe
 q - a +0 broad axe
 t - a +3 quarterstaff of chaos (weapon)
Armour
 a - a +0 robe (worn)
 h - a scarf of cloud immunity (worn)
 r - a +2 helmet (worn)
 u - a +0 cloak
Jewellery
 e - an amulet of regeneration (around neck)
 k - a +2 ring of strength (left hand)
Wands
 m - a wand of iceblast (7)
 x - a wand of random effects (30)
Scrolls
 b - a scroll of enchant weapon {unknown}
 d - 8 scrolls of identify
 f - 2 scrolls of teleportation
 i - 3 scrolls of remove curse
 v - a scroll of enchant armour
Potions
 j - a potion of curing
Comestibles
 c - 12 rations
 s - 2 chunks of flesh


   Skills:
 + Level 1.6 Fighting
 + Level 3.8 Staves
 + Level 1.1 Armour
 + Level 3.1 Dodging
 + Level 4.9 Stealth
 + Level 7.0 Spellcasting
 + Level 7.2 Necromancy
 + Level 0.1 Invocations


You had 10 spell levels left.
You knew the following spells:

 Your Spells              Type           Power        Failure   Level  Hunger
a - Pain                  Necr           ####         1%          1    None
b - Animate Skeleton      Necr           N/A          1%          1    None
c - Vampiric Draining     Necr           ####......   1%          3    ##.....
d - Regeneration          Chrm/Necr      ###.......   8%          3    ##.....
e - Animate Dead          Necr           N/A          6%          4    ####...

Your spell library contained the following spells:

 Spells                   Type           Power        Failure   Level  Hunger


Dungeon Overview and Level Annotations

Branches:
Dungeon (8/15)             Temple (0/1) D:4
   Lair: D:8-11

Altars:
Ashenzari
Elyvilon
Kikubaaqudgha
Makhleb
Okawaru
Qazlal
Ru
Yredelemnul
Zin
The Shining One

Shops:
D:6 ((=   D:7 :


Innate Abilities, Weirdness & Mutations

You have razor-sharp teeth.
Your natural rate of healing is unusually fast.
When hurt, damage is shared between your health and your magic reserves.
Your bite disrupts and absorbs the magic of your enemies.
Potions cannot restore your health.
You are immune to rotting.


Message History

Aiming: Vampiric Draining (safe; 1% risk of failure)
Press: ? - help, Shift-Dir - straight line, f/p - two-headed ogre
Aim: a two-headed ogre, wielding a giant club and a giant spiked club (severely The two-headed ogre is severely wounded.
You feel life coursing into your body.
The two-headed ogre hits you with a giant club.
The two-headed ogre hits you with a giant spiked club!!
Ouch! That really hurt!
* * * LOW HITPOINT WARNING * * *
Your orc priest zombie hits the two-headed ogre but does no damage.
Casting: Vampiric Draining (safe; 1% risk of failure)
Confirm with . or Enter, or press ? or * to list all spells.
Aiming: Vampiric Draining (safe; 1% risk of failure)
Press: ? - help, Shift-Dir - straight line, f/p - two-headed ogre
Aim: a two-headed ogre, wielding a giant club and a giant spiked club (severely The two-headed ogre is almost dead.
You feel life coursing into your body.
The two-headed ogre hits you with a giant club!!
Ouch! That really hurt!
You die... .#.############### .....FO@Z.....))<# ...###############

You could see a two-headed ogre, a bullfrog and a friendly orc priest zombie.

Vanquished Creatures
  A hippogriff (D:6)
  Duvessa (D:7)
  An orc warrior (D:8)
  An ogre (D:4)
  A centaur (D:7)
  2 bullfrogs
  Dowan (D:6)
  8 killer bees
  2 howler monkeys (D:4)
  A crimson imp (D:7)
  A jelly (D:5)
  Crazy Yiuf (D:3)
  2 orc priests
  3 orc wizards
  2 hounds
  A bullfrog skeleton (D:8)
  A worker ant (D:6)
  A hound skeleton (D:8)
  Robin (D:3)
  6 gnolls
  8 adders
  3 shadow imps
  An ooze (D:2)
  A worm (D:4)
  7 leopard geckos
  29 orcs
  4 giant cockroaches
  2 gnoll zombies (D:7)
  14 goblins
  12 hobgoblins
  21 jackals
  3 kobolds
  A quokka (D:5)
  2 ball pythons (D:1)
  9 bats
  3 frilled lizards
  A jackal skeleton (D:4)
  10 rats
169 creatures vanquished.

Vanquished Creatures (collateral kills)
  3 orcs
  2 goblins (D:3)
5 creatures vanquished.

Vanquished Creatures (others)
  A goblin (D:2)
  14 toadstools (D:1)
15 creatures vanquished.

Grand Total: 189 creatures vanquished

Notes
Turn   | Place    | Note
-------+----------+-------------------------------------------
     0 | D:1      | dvd the Vine Stalker Necromancer began the quest for the
                  | Orb.
     0 | D:1      | Reached XP level 1. HP: 9/9 MP: 4/4
   273 | D:1      | Reached XP level 2. HP: 10/13 MP: 1/6
  1046 | D:1      | Learned a level 1 spell: Animate Skeleton
  1295 | D:1      | Reached XP level 3. HP: 15/16 MP: 3/7
  1300 | D:1      | Learned a level 3 spell: Vampiric Draining
  2421 | D:2      | Learned a level 3 spell: Regeneration
  2559 | D:2      | Gained mutation: Your natural rate of healing is unusually
                  | fast. [Vine Stalker growth]
  2559 | D:2      | Reached XP level 4. HP: 17/21 MP: 5/9
  2865 | D:2      | Found a white marble altar of Elyvilon.
  3050 | D:3      | Noticed Robin
  3100 | D:3      | Killed Robin
  3100 | D:3      | Reached skill level 5 in Necromancy
  3337 | D:3      | Reached XP level 5. HP: 19/24 MP: 6/10
  3412 | D:3      | Found a runed door.
  3416 | D:3      | Noticed Crazy Yiuf
  3429 | D:3      | Killed Crazy Yiuf
  3561 | D:3      | Found an iron altar of Okawaru.
  3566 | D:3      | Became a worshipper of Warmaster Okawaru
  4202 | D:4      | Reached XP level 6. HP: 26/28 MP: 11/13
  4232 | D:4      | Learned a level 4 spell: Animate Dead
  4489 | D:4      | Reached skill level 1 in Armour
  4616 | D:4      | Reached * piety under Okawaru
  4616 | D:4      | Reached skill level 1 in Staves
  4766 | D:4      | Found a staircase to the Ecumenical Temple.
  4796 | D:4      | Reached XP level 7. HP: 32/32 MP: 12/14
  5345 | D:5      | Entered Level 5 of the Dungeon
  5525 | D:5      | Found a shattered altar of Ashenzari.
  6075 | D:5      | Found a glowing golden altar of the Shining One.
  6078 | D:5      | Found a stormy altar of Qazlal.
  6078 | D:5      | Found a sacrificial altar of Ru.
  6249 | D:5      | Found a burning altar of Makhleb.
  6254 | D:5      | Found a glowing silver altar of Zin.
  6254 | D:5      | Noticed an angel
  6254 | D:5      | Noticed a cacodemon
  6502 | D:6      | Reached skill level 5 in Spellcasting
  6536 | D:6      | Found Wutuhaz's Weapon Shop.
  6547 | D:6      | Found an ancient bone altar of Kikubaaqudgha.
  6719 | D:6      | Found Kevy's Jewellery Shoppe.
  6788 | D:6      | Found Maere's Weapon Boutique.
  7141 | D:7      | Noticed Duvessa
  7141 | D:7      | Noticed Dowan
  7148 | D:7      | Noticed a hippogriff
  7149 | D:7      | Killed Duvessa
  7149 | D:7      | Reached skill level 1 in Fighting
  7159 | D:6      | Killed Dowan
  7159 | D:6      | Reached ** piety under Okawaru
  7159 | D:6      | Gained mutation: You have razor-sharp teeth. [Vine Stalker
                  | growth]
  7159 | D:6      | Reached XP level 8. HP: 36/37 MP: 0/17
  7280 | D:6      | Killed a hippogriff
  7435 | D:6      | HP: 2/55 [killer bee (2)]
  7706 | D:7      | Found Xesmill's Book Boutique.
  8327 | D:7      | Found a basalt altar of Yredelemnul.
  8417 | D:7      | Reached XP level 9. HP: 41/41 MP: 18/20
  8745 | D:8      | Reached *** piety under Okawaru
  8746 | D:8      | Noticed a two-headed ogre
  8753 | D:8      | Demolished by a two-headed ogre

Skill      XL: |  1  2  3  4  5  6  7  8  9 |
---------------+----------------------------+-----
Spellcasting   | 3 4 5 6 7 |  7.0
Necromancy     | 5 6 7 |  7.2
Stealth        | 3 4 |  4.9
Dodging        | 2 3 |  3.1
Armour         | 1 |  1.1
Staves         | 1 2 3 |  3.8
Fighting       | 1 |  1.6
Invocations    | |  0.1

Action                   |  1- 3 |  4- 6 |  7- 9 || total
-------------------------+-------+-------+-------++-------
Melee: Unarmed           |    38 |    26 |       ||    64
       Bite              |    11 |    31 |    28 ||    70
       Falchion          |       |    37 |       ||    37
       Short sword       |       |     3 |       ||     3
       Quarterstaff      |       |    66 |   167 ||   233
 Cast: Pain              |    65 |    42 |    54 ||   161
       Animate Skeleton  |     4 |     4 |     6 ||    14
       Vampiric Draining |     4 |    10 |    22 ||    36
       Animate Dead      |       |     3 |    11 ||    14
       Regeneration      |       |     1 |     1 ||     2
Invok: Heroism           |       |       |     4 ||     4
  Use: Scroll            |       |     8 |     4 ||    12
       Potion            |       |       |    11 ||    11
 Stab: Sleeping          |     3 |     4 |     3 ||    10
       Paralysed         |       |     3 |       ||     3
       Confused          |       |     1 |       ||     1
       Distracted        |       |       |     1 ||     1
  Eat: Chunk             |     4 |     7 |    12 ||    23
       Ration            |       |     1 |     1 ||     2
Armor: Robe              |    20 |     3 |    58 ||    81
       Leather armour    |       |    22 |       ||    22
       Skin              |       |       |    75 ||    75
Dodge: Dodged            |    51 |    84 |   127 ||   262
       Rpst.: Falchion   |       |     4 |       ||     4
